 Dungeon Crawl Stone Soup version 0.30.0-29-ga12c61a403 (webtiles) character file.

Game seed: 6807087653262673068

19037 DildoBatman the Protected (level 13, -6/104 HPs)
             Began as a Formicid Conjurer on June 15, 2023.
             Was a High Priest of Kikubaaqudgha.
             Mangled by an orc knight
             ... wielding a +0 great mace
              (28 damage)
             ... on level 1 of the Orcish Mines.
             The game lasted 00:39:48 (10231 turns).

DildoBatman the Protected (Formicid Conjurer)      Turns: 10231, Time: 00:39:49

Health: -6/104     AC:  7    Str: 11    XL:     13   Next: 1%
Magic:  1/23       EV: 15    Int: 30    God:    Kikubaaqudgha [*****.]
Gold:   1045       SH:  0    Dex: 14    Spells: 11/26 levels left

rFire   + + +        a - +9 falchion of Doom {speed, rF++}
rCold   . . .        (no shield)
rNeg    . . .        o - +0 troll leather armour
rPois   .            (helmet unavailable)
rElec   .            w - scarf {rC+ rF+}
rCorr   .            (no gloves)
SInv    +            N - +0 pair of boots
Will    +....        g - amulet of faith
Stlth   ++           q - +6 ring of intelligence
HPRegen 1.17/turn    u - ring of Wefonev {rF+ rC- Dex+2 Slay+2}
MPRegen 0.18/turn

%: faith
@: no status effects
A: permanent stasis, dig shafts and tunnels, antennae 3, four strong arms
a: Dig, Shaft Self, Renounce Religion, Unearth Wretches, Torment


You were on level 1 of the Orcish Mines.
You worshipped Kikubaaqudgha.
Kikubaaqudgha was extremely pleased with you.
You visited 3 branches of the dungeon, and saw 14 of its levels.

You collected 1073 gold pieces.
You spent 28 gold pieces at shops.

Inventory:

Hand Weapons
 a - the +9 falchion of Doom (weapon) {speed, rF++}
   (You found it on level 6 of the Dungeon)

   rF:        It greatly protects you from fire.
 b - a +0 shortbow
 d - the +3 dagger of Pochas {pain, rElec rCorr}
   (You found it on level 5 of the Dungeon)

   rElec:     It insulates you from electricity.
   rCorr:     It protects you from acid and corrosion.
Missiles
 n - 51 poisoned darts
 t - 5 javelins
 K - 2 throwing nets
 W - 2 atropa-tipped darts
 X - 2 curare-tipped darts
Armour
 o - a +0 troll leather armour (worn)
 w - a scarf of resistance (worn)
 N - a +0 pair of boots (worn)
Magical Staves
 x - a staff of death
Jewellery
 g - an amulet of faith (around neck)
 m - an amulet of magic regeneration
 q - a +6 ring of intelligence (left hand)
 u - a ring of Wefonev (right hand) {rF+ rC- Dex+2 Slay+2}
   (You found it on level 4 of the Dungeon)

   [ring of protection from fire]

   Dex:       It affects your dexterity (+2).
   Slay:      It affects your accuracy & damage with ranged weapons and melee
   (+2).
   rF:        It protects you from fire.
   rC:        It makes you vulnerable to cold.
 O - a ring of resist corrosion
Wands
 s - a wand of roots (15)
 E - a wand of digging (4)
 F - a wand of mindburst (16)
 M - a wand of quicksilver (13)
Scrolls
 e - 3 scrolls of torment
 f - a scroll of fear {unknown}
 l - 5 scrolls of enchant weapon
 r - a scroll of poison {unknown}
 y - a scroll of immolation {unknown}
 z - 4 scrolls of identify
 B - a scroll of vulnerability {unknown}
 C - 3 scrolls of magic mapping
 H - a scroll of fog {unknown}
 I - a scroll of amnesia {unknown}
 T - a scroll of acquirement {unknown}
 Y - a scroll of enchant armour {unknown}
Potions
 h - 2 potions of magic
 i - 4 potions of curing {unknown}
 j - 2 potions of cancellation {unknown}
 k - a potion of invisibility {unknown}
 p - 4 potions of flight {unknown}
 A - 2 potions of haste {unknown}
 D - 2 potions of attraction {unknown}
 G - 2 potions of ambrosia {unknown}
 J - 4 potions of resistance
 P - a potion of brilliance {unknown}
 S - 6 potions of might {unknown}
 V - a potion of mutation {unknown}


   Skills:
 * Level 10.5 Fighting
 * Level 10.5 Armour
 * Level 8.3 Dodging
 - Level 3.0 Stealth
 - Level 7.0 Spellcasting
 - Level 6.0 Conjurations
 - Level 9.0 Necromancy
 - Level 2.0 Air Magic
 - Level 3.0 Poison Magic


You had 11 spell levels left.
You knew the following spells:

 Your Spells              Type           Power      Damage    Failure   Level
a - Searing Ray           Conj           92%        2d7       1%          2
c - Magic Dart            Conj           100%       1d8       1%          1
d - Vampiric Draining     Necr           59%        2d10      1%          3
e - Mephitic Cloud        Conj/Pois/Air  32%        N/A       4%          3
h - Dispel Undead         Necr           59%        3d21      1%          4
z - Sublimation of Blood  Necr           59%        N/A       1%          2

Your spell library contained the following spells:

 Spells                   Type           Power      Damage    Failure   Level
 Kiss of Death            Conj/Necr      100%       2d13      1%          1
 Necrotise                Necr           100%       1d9       1%          1
 Shock                    Conj/Air       100%       1d9       1%          1
 Cigotuvi's Dreadful Rot  Necr/Pois/Air  76%        N/A       1%          2
 Animate Dead             Necr           59%        N/A       1%          4
 Dazzling Flash           Conj/Hex       56%        N/A       4%          3
 Agony                    Necr           59%        N/A       4%          5
 Apportation              Tloc           20%        N/A       6%          1
 Call Imp                 Summ           20%        N/A       9%          2
 Wereblood                Tmut           10%        N/A       9%          2
 Anguish                  Hex/Necr       18%        N/A       9%          4
 Ignite Poison            Fire/Tmut/Pois 16%        N/A       12%         3
 Fulminant Prism          Conj/Hex       14%        3d8       17%         4
 Iskenderun's Mystic Bla  Conj/Tloc      28%        2d7       17%         4
 Death Channel            Necr           29%        N/A       22%         6
 Airstrike                Air            11%        2d(2-18)  26%         4
 Cause Fear               Hex            5%         N/A       50%         4
 Freezing Cloud           Conj/Ice/Air   13%        6-21      50%         5
 Alistair's Intoxication  Tmut/Pois      12%        N/A       65%         5
 Simulacrum               Ice/Necr       18%        N/A       80%         6
 Enfeeble                 Hex            5%         N/A       100%        7
 Summon Hydra             Summ           5%         N/A       100%        7
 Swiftness                Air            Unusable   N/A       N/A         3

Dungeon Overview and Level Annotations

Branches:
Dungeon (11/15)            Temple (1/1) D:4            Lair (0/5) D:8
    Orc (2/2) D:11
    Elf: Orc:2

Altars:
Ashenzari
Cheibriados
Dithmenos
Elyvilon
Fedhas
Gozag
Hepliaklqana
Kikubaaqudgha
Makhleb
Nemelex Xobeh
Okawaru
Qazlal
Ru
Sif Muna
Trog
Uskayaw
Vehumet
Wu Jian
Xom
Yredelemnul
Zin
The Shining One

Shops:
Orc:1 ?

Annotations:
D:9 Erolcha
Orc:1 2 transporters, grothendieck's ghost, journeyman GrEE


Innate Abilities, Weirdness & Mutations

You cannot be hasted, slowed, berserked, paralysed or teleported.
You can dig through walls and to a lower floor.
You have a pair of large antennae on your head. (SInv)
Your four strong arms can wield two-handed weapons with a shield.


Message History

The searing ray hits the orc knight!
The orc knight is lightly wounded. (Press . to maintain the ray.)
The searing ray hits the orc knight.
The orc knight is lightly wounded.
An orc comes into view. It is wielding a +0 dagger.
The orc knight roars a battlecry!
The orcs go into a battle-frenzy!
The searing ray hits the orc.
The orc is severely wounded.
The searing ray hits the orc knight.
The orc knight is moderately wounded.
The searing ray hits the orc.
You kill the orc!
Kikubaaqudgha accepts your kill.
You finish channelling your searing ray.
The orc priest mumbles some strange prayers to Beogh against you.
Beogh smites you!
The orc knight hits you but does no damage.
You climb upwards.
Level annotation: 2 transporters, grothendieck's ghost, journeyman GrEE
There is a stone staircase leading down here.
Casting: Searing Ray (safe; 1% risk of failure)
Confirm with . or Enter, or press ? or * to list all spells.
Aiming: Vampiric Draining (safe; 1% risk of failure)
Press: ? - help, Shift-Dir - straight line, f - orc knight
Aim: an orc knight, wielding a +0 great mace and wearing a +0 chain mail (moderately wounded)
You draw life force from the orc knight!
You feel life coursing into your body.
The orc knight hits you with a +0 great mace!!
Casting: Vampiric Draining (safe; 1% risk of failure)
Confirm with . or Enter, or press ? or * to list all spells.
Aiming: Vampiric Draining (safe; 1% risk of failure)
Press: ? - help, Shift-Dir - straight line, f/p - orc knight
Aim: an orc knight, wielding a +0 great mace and wearing a +0 chain mail (moderately wounded)
You draw life force from the orc knight!
You feel life coursing into your body.
The orc knight hits you with a +0 great mace!!
You die...
Kikubaaqudgha rasps: "You have failed me!
Welcome... death!"

#...........#...##
###............#.##
##.............####
#......####....[##
#......####.....)###
##.......#.......).#
##..............###
#.##.....[....##
#####<...@o..##
#.....)).##
#....)#### ##...[.#
###.)## ####


You could see an orc knight.

Vanquished Creatures
  Fannar (Orc:1)
  2 two-headed ogres
  A boulder beetle (D:11)
  Pikel (D:7)
  2 cyclopes (D:11)
  An orc sorcerer (Orc:2)
  Maurice (D:8)
  A centaur zombie (D:10)
  A gargoyle (D:11)
  3 kobold demonologists
  An unseen horror zombie (D:10)
  5 trolls
  A polar bear (D:8)
  The ghost of purpleHaze the Shooter, an amateur HuHu (D:4)
  Grinder (D:5)
  Prince Ribbit (D:8)
  A hornet (D:9)
  A shadow (D:10)
  2 wraiths (D:11)
  11 yaks
  4 wyverns
  Grum (D:8)
  4 vampire mosquitoes (D:11)
  A steam dragon (D:7)
  A warg (Orc:1)
  Duvessa (D:5)
  4 water moccasins
  2 sky beasts (D:6)
  An ice beast (D:6)
  11 orc warriors
  2 black bears
  5 wolves (D:8)
  3 ogres (Orc:1)
  8 centaurs
  A phantom (D:5)
  6 kobold brigands
  6 bullfrogs
  A spectral water moccasin (D:5)
  2 scorpions
  2 necrophages (D:5)
  18 wights
  Dowan (D:5)
  15 killer bees
  6 electric eels
  4 howler monkeys
  A bullfrog zombie (D:5)
  4 hounds
  2 jellies
  9 orc priests
  4 iguanas
  12 orc wizards
  A scorpion simulacrum (D:5)
  Robin (D:3)
  10 gnolls
  6 adders
  3 white imps
  An adder zombie (D:5)
  A worm (D:2)
  3 dart slugs
  51 orcs
  11 endoplasms
  A giant cockroach (D:3)
  15 goblins
  10 hobgoblins
  6 jackals
  4 quokkas
  9 ball pythons
  3 bats
  4 frilled lizards
  29 kobolds
  4 rats
354 creatures vanquished.

Notes
Turn   | Place    | Note
-------+----------+-------------------------------------------
     0 | D:1      | DildoBatman the Formicid Conjurer began the quest for the
                  | Orb.
     0 | D:1      | Reached XP level 1. HP: 13/13 MP: 3/3
   191 | D:1      | Reached XP level 2. HP: 20/20 MP: 1/5
   194 | D:1      | Learned a level 2 spell: Searing Ray
   422 | D:1      | Reached skill level 1 in Fighting
   422 | D:1      | Reached XP level 3. HP: 26/26 MP: 1/6
   458 | D:1      | Reached skill level 1 in Armour
   940 | D:2      | Reached XP level 4. HP: 32/32 MP: 3/7
  1752 | D:3      | Noticed Robin
  1785 | D:4      | Reached XP level 5. HP: 38/38 MP: 2/9
  1785 | D:4      | Noticed a bullfrog
  1816 | D:4      | Found a radiant altar of Vehumet.
  1881 | D:4      | Reached XP level 6. HP: 40/46 MP: 3/10
  2055 | D:4      | Reached XP level 7. HP: 28/52 MP: 5/12
  2082 | D:4      | Found a staircase to the Ecumenical Temple.
  2088 | Temple   | Entered the Ecumenical Temple
  2125 | Temple   | Became a worshipper of Kikubaaqudgha
  2153 | D:3      | Killed Robin
  2167 | D:3      | Found an iron altar of Okawaru.
  2455 | D:3      | Reached * piety under Kikubaaqudgha
  2455 | D:3      | Received a gift from Kikubaaqudgha
  2882 | D:4      | Identified a ring of Wefonev {rF+ rC- Dex+2 Slay+2}
  2956 | D:4      | Found a runed translucent door.
  2965 | D:4      | Noticed purpleHaze's ghost (amateur HuHu)
  3006 | D:4      | Found a runed translucent door.
  3052 | D:5      | Entered Level 5 of the Dungeon
  3117 | D:5      | Found a shimmering altar of Xom.
  3290 | D:5      | Noticed Grinder
  3302 | D:5      | Killed Grinder
  3303 | D:5      | Reached skill level 5 in Conjurations
  3303 | D:5      | Reached XP level 8. HP: 18/60 MP: 4/14
  3429 | D:5      | Reached skill level 5 in Spellcasting
  3461 | D:5      | Reached skill level 5 in Fighting
  3470 | D:5      | Identified the +3 dagger of Pochas {pain, rElec rCorr}
  3479 | D:5      | Learned a level 3 spell: Vampiric Draining
  3507 | D:5      | Noticed Dowan
  3541 | D:5      | Reached skill level 5 in Armour
  4050 | D:6      | Found a bloodstained altar of Trog.
  4054 | D:6      | Found a hide-covered altar of Uskayaw.
  4077 | D:6      | Reached XP level 9. HP: 68/68 MP: 13/17
  4108 | D:6      | Reached ** piety under Kikubaaqudgha
  4133 | D:6      | Reached skill level 1 in Necromancy
  4379 | D:6      | Identified the +9 falchion of Doom {speed, rF++}
  4501 | D:7      | Noticed a two-headed ogre
  4607 | D:6      | Learned a level 3 spell: Mephitic Cloud
  4627 | D:6      | HP: 3/68 [poisoned by a water moccasin]
  4819 | D:4      | Reached skill level 5 in Necromancy
  5208 | D:7      | Reached XP level 10. HP: 65/74 MP: 11/20
  5343 | D:7      | Killed a two-headed ogre
  5438 | D:7      | Reached *** piety under Kikubaaqudgha
  5438 | D:7      | Received a gift from Kikubaaqudgha
  5444 | D:7      | Learned a level 4 spell: Dispel Undead
  5567 | D:4      | Killed purpleHaze's ghost
  5660 | D:5      | Noticed Duvessa
  5666 | D:5      | Killed Dowan
  5668 | D:5      | Killed Duvessa
  5759 | D:8      | Noticed Grum
  5762 | D:8      | Reached skill level 1 in Poison Magic
  5762 | D:8      | Noticed Pikel
  5770 | D:7      | Killed Pikel
  5771 | D:7      | Reached skill level 1 in Air Magic
  5805 | D:8      | Noticed Maurice
  5889 | D:8      | Noticed Prince Ribbit
  5899 | D:8      | Killed Prince Ribbit
  5974 | D:8      | Killed Maurice
  5975 | D:8      | Reached XP level 11. HP: 22/81 MP: 3/21
  6136 | D:8      | Killed Grum
  6175 | D:8      | Reached **** piety under Kikubaaqudgha
  6334 | D:8      | Reached skill level 5 in Dodging
  6344 | D:8      | Found a blossoming altar of Fedhas.
  6475 | D:8      | Found a staircase to the Lair.
  6880 | D:9      | Found a stormy altar of Qazlal.
  7291 | D:9      | Noticed Erolcha
  7838 | D:10     | Entered Level 10 of the Dungeon
  7902 | D:10     | Noticed a two-headed ogre
  7912 | D:10     | Killed a two-headed ogre
  7913 | D:10     | Reached XP level 12. HP: 62/92 MP: 1/22
  8098 | D:10     | Found a basalt altar of Yredelemnul.
  8208 | D:10     | Reached ***** piety under Kikubaaqudgha
  8287 | D:10     | Found a shadowy altar of Dithmenos.
  8477 | D:11     | Learned a level 2 spell: Sublimation of Blood
  8850 | D:11     | Noticed a boulder beetle
  8865 | D:11     | Killed a boulder beetle
  9090 | D:11     | Reached skill level 10 in Armour
  9097 | D:11     | Reached skill level 10 in Fighting
  9152 | D:11     | Found a staircase to the Orcish Mines.
  9502 | Orc:1    | Entered Level 1 of the Orcish Mines
  9588 | Orc:1    | Found a transporter.
  9590 | Orc:1    | Noticed grothendieck's ghost (journeyman GrEE)
  9592 | Orc:1    | Noticed an orc high priest
  9645 | Orc:1    | Found a transporter.
  9699 | Orc:1    | Found Upuhudgh's Magic Scroll Boutique.
  9708 | Orc:1    | Bought a scroll of identify for 28 gold pieces
  9724 | Orc:1    | Noticed Fannar
  9736 | Orc:1    | Killed Fannar
  9820 | Orc:1    | Identified the +1 chain mail of Rutet {Harm *Corrode Str+5
                  | SInv}
 10028 | Orc:2    | Entered Level 2 of the Orcish Mines
 10104 | Orc:2    | Reached XP level 13. HP: 104/104 MP: 16/23
 10231 | Orc:1    | Mangled by an orc knight

Illustrated notes

Levels and vault maps discovered:
D:1:      evilmike_arrival_fibonacci_small, layout_rooms
D:2:      layout_basic
D:3:      layout_loops_ring, lemuel_tele_altar, uniq_robin
D:4:      minmay_chambers_of_fours, layout_basic, nicolae_vehumet_radiance,
          minmay_temple_entry_trees, ebering_ghost_sewer_f,
          minmay_misc_feat_iff, minmay_fractal_squares_diagonal_5
D:5:      layout_loops_corners, lemuel_round_altar, minivault_26,
          dilly_guarded_unrand_morg, uniq_grinder, uniq_duvessa
D:6:      layout_rooms, chequers_temple_overflow_statue_of_worship
D:7:      layout_cave_pools
D:8:      layout_cave_pools, fedhas_ov_isle_minmay, minmay_lair_entry_grove,
          serial_ice, serial_ice_b, serial_ice_d, serial_ice_n, serial_ice_j,
          uniq_maurice, uniq_grum, uniq_prince_ribbit1, uniq_pikel
D:9:      layout_basic, mainiacjoe_overflow_24_doors, uniq_erolcha
D:10:     layout_big_octagon, lemuel_zombie_altar_yredelemnul,
          grunt_dithmenos_shadows
D:11:     layout_basic, orc_0_dummy, nicolae_concentric_dashed_squares_wild
Temple:   nicolae_temple_ecumenical_triangle
Orc:1:    layout_diamond_mine, gammafunk_ghost_arena, serial_shops, shop,
          uniq_sonja, uniq_fannar
Orc:2:    kennysheep_orc_mage_school, layout_caves, serial_shops,
          nicolae_shop_drivethru

Skill      XL: |  1  2  3  4  5  6  7  8  9 10 11 12 |
---------------+-------------------------------------+-----
Dodging        | 2 3 6 8 |  8.3
Fighting       | 1 2 3 4 5 8 10 | 10.5
Armour         | 1 2 4 5 6 8 10 | 10.5
Stealth        | 3 |  3.0
Conjurations   | 4 5 6 |  6.0
Spellcasting   | 3 4 5 7 |  7.0
Necromancy     | 6 9 |  9.0
Poison Magic   | 3 |  3.0
Air Magic      | 2 |  2.0

Action                     |  1- 3 |  4- 6 |  7- 9 | 10-12 | 13-15 || total
---------------------------+-------+-------+-------+-------+-------++-------
  Melee: Unarmed           |     9 |       |       |       |       ||     9
         Punch             |     1 |       |       |       |       ||     1
         Dagger            |     1 |     7 |       |     1 |       ||     9
         Short sword       |       |     1 |       |       |       ||     1
         Falchion          |       |       |     4 |   125 |     7 ||   136
   Fire: Sling             |       |       |    14 |       |       ||    14
         Shortbow          |       |       |       |    53 |       ||    53
   Cast: Magic Dart        |    45 |    30 |    47 |    26 |     3 ||   151
         Searing Ray       |     8 |    14 |    55 |    74 |     3 ||   154
         Vampiric Draining |       |       |    18 |   143 |     7 ||   168
         Dispel Undead     |       |       |       |    23 |       ||    23
         Sublimation of Bl |       |       |       |    12 |     2 ||    14
Ability: Dig               |       |       |       |     5 |       ||     5
    Use: Scroll            |       |       |       |     5 |       ||     5
   Stab: Sleeping          |       |       |       |     1 |       ||     1
 Armour: Robe              |     2 |     1 |    11 |     9 |       ||    23
         Troll leather arm |       |       |       |    71 |     6 ||    77
  Dodge: Dodged            |    11 |    29 |    45 |   291 |    19 ||   395
